AoeStats
← RedPhosphoru

Arabia

510372398Analyzed
1v1 RM · 14h ago on Sep 30, 2026· 35m 35s· 2 players
Game mode
Random Map
Map size
Tiny (2 player)
Population
200
Speed
Normal
Resources
Standard
Victory
Conquest
Starting age
Dark Age
Ending age
Imperial Age
RankedLock teamsTeams togetherTeam positionsShared explorationLock speedFull tech treeHidden civsTurbo modeCheats
Victory
Defeat
🇵🇱 Britons · Poland
2387
+17
🇺🇸 Dravidians · United States
2411
-17
Dobbs351
11:50 Feudal Age
12:40 Double-Bit Axe
12:35 Horse Collar
14:50 Loom
15:06 Fletching
19:13 Wheelbarrow
22:43 Castle Age
21:47 Padded Archer Armor
21:50 Gold Mining
22:56 Crossbowman
24:11 Bodkin Arrow
24:54 Bow Saw
27:35 Gold Shaft Mining
29:34 Heavy Plow
30:47 Ballistics
32:03 Scale Barding Armor
32:09 Forging
32:23 Husbandry
33:37 Chain Barding Armor
38:44 Imperial Age
RedPhosphoru
9:25 Feudal Age
8:34 Loom
13:58 Castle Age
13:03 Double-Bit Axe
15:44 Bow Saw
15:58 Pikeman
31:42 Squires
31:58 Horse Collar
32:31 Scale Mail Armor
34:31 Chain Mail Armor
Connection lost

Rejoining the realm…

Still unreachable

The connection could not be restored.

Session expired

The server has moved on; the page needs a fresh start.